 Dungeon Crawl Stone Soup version 0.27-a0-836-gfc908b8576 (webtiles) character file.

Game seed: 8520553051984144917

27843 polve the Alchemist (level 13, -7/139 HPs)
             Began as a Yellow Draconian Transmuter on Mar 31, 2021.
             Mangled by a seven-headed hydra (9 damage)
             ... on level 3 of the Lair of Beasts.
             The game lasted 00:40:04 (18348 turns).

polve the Alchemist (Yellow Draconian Transmuter)  Turns: 18348, Time: 00:40:04

Health: -7/139     AC:  8    Str: 14    XL:     13   Next: 6%
Magic:  11/16      EV: 10    Int: 17    God:
Gold:   1707       SH:  0    Dex: 12    Spells: 4/16 levels left

rFire    . . .     SeeInvis .     - Unarmed
rCold    . . .     Faith    .   (shield currently unavailable)
rNeg     . . .     Spirit   .   (armour unavailable)
rPois    +         Reflect  .   (helmet currently unavailable)
rElec    .         Harm     .   (cloak currently unavailable)
rCorr    .         Rampage  .   (gloves currently unavailable)
Will     +....                  (boots currently unavailable)
Stlth    ++........             k - amulet of regeneration
HPRegen  1.33/turn              (no ring)
MPRegen  0.15/turn              (no ring)

@: short of breath, hydra-form
A: fast swimmer, devour, amphibious, boosted hp, (spit acid), AC +8, very large,
unfitting armour, (cold-blooded), (acid resistance), (stinger 1), (fire
resistance 1), strong-willed 1
a: End Transformation


You were on level 3 of the Lair of Beasts.
You were a five-headed hydra.
You visited 3 branches of the dungeon, and saw 15 of its levels.

You collected 1707 gold pieces.

Inventory:

Armour
 b - a +2 hat of see invisible (melded)
 g - a +1 pair of gloves of stealth (melded)
 j - a scarf of resistance (melded)
Jewellery
 k - an amulet of regeneration (around neck)
Wands
 a - a wand of flame (40)
 q - a wand of iceblast (19)
 x - a wand of paralysis (7)
 z - a wand of mindburst (13)
Scrolls
 c - a scroll of magic mapping
 d - a scroll of brand weapon {unknown}
 e - a scroll of silence
 f - a scroll of vulnerability
 h - a scroll of immolation
 i - a scroll of summoning
 l - 2 scrolls of amnesia
 m - 5 scrolls of fog
 n - 5 scrolls of teleportation
 r - 3 scrolls of enchant weapon
 y - a scroll of blinking
Potions
 o - 2 potions of curing
 p - a potion of mutation
 s - a potion of heal wounds
 t - a potion of magic
 u - a potion of invisibility
 v - a potion of berserk rage {unknown}
 w - 2 potions of brilliance


   Skills:
 - Level 8.1 Fighting
 - Level 7.2 Dodging
 - Level 3.0 Stealth
 - Level 10.8 Unarmed Combat
 - Level 2.0 Spellcasting
 - Level 3.0 Translocations
 + Level 15.5 Transmutations


You had 4 spell levels left.
You knew the following spells:

 Your Spells              Type           Power      Damage    Failure   Level
a - Beastly Appendage     Tmut           100%       N/A       1%          1
h - Hydra Form            Tmut           26%        N/A       1%          5
s - Spider Form           Tmut/Pois      14%        N/A       2%          3
t - Apportation           Tloc           22%        N/A       5%          1
w - Wereblood             Tmut           53%        N/A       1%          2

Your spell library contained the following spells:

 Spells                   Type           Power      Damage    Failure   Level
 Ice Form                 Ice/Tmut       28%        N/A       8%          4
 Animate Skeleton         Necr           2%         N/A       19%         1
 Corona                   Hex            1%         N/A       19%         1
 Summon Small Mammal      Summ           4%         N/A       19%         1
 Bolt of Magma            Conj/Fire/Erth 0%         4d4       99%         5
 Iskenderun's Battlesphe  Conj           1%         2d6       99%         5
 Iron Shot                Conj/Erth      0%         9d1       100%        6
 Orb of Destruction       Conj           0%         N/A       100%        7
 Spellforged Servitor     Conj/Summ      0%         N/A       100%        7


Dungeon Overview and Level Annotations

Branches:
Dungeon (11/15)            Temple (1/1) D:4            Lair (3/6) D:11
 Shoals (0/4) Lair:3        Snake (0/4) Lair:2          Orc (0/2) D:10

Altars:
Ashenzari
Cheibriados
Dithmenos
Elyvilon
Fedhas
Gozag
Hepliaklqana
Kikubaaqudgha
Makhleb
Nemelex Xobeh
Okawaru
Qazlal
Ru
Sif Muna
Trog
Uskayaw
Vehumet
Wu Jian
Xom
Yredelemnul
Zin
The Shining One

Shops:
D:6 *   D:10 *(?*!

Annotations:
Lair:3 exclusion: hydra


Innate Abilities, Weirdness & Mutations

You are a five-headed hydra.
You swim very quickly.
You can devour living enemies to heal.
You are amphibious.
Your maximum health is greatly increased.
Your armour is entirely melded.
You are incapable of wielding weapons or throwing items.
((You can spit globs of acid.))
((Your golden yellow scales are hard. (AC +8)))
You cannot fit into any form of body armour.
((You are cold-blooded and may be slowed by cold attacks.))
((You are resistant to acid. (rCorr)))
((Your tail ends in a poisonous barb.))
((Your flesh is heat resistant. (rF+)))
You are strong-willed. (Will+)


Message History

You feel hot and cold all over.
You feel less perceptive.
You feel less stealthy.
You nip at the seven-headed hydra but do no damage.
The seven-headed hydra is lightly wounded.
The seven-headed hydra misses you. The seven-headed hydra bites you.
The seven-headed hydra bites you!
The seven-headed hydra barely misses you.
The seven-headed hydra bites you!
The seven-headed hydra completely misses you.
The seven-headed hydra bites you.
You nip at the seven-headed hydra.
The seven-headed hydra is lightly wounded.
You nip at the seven-headed hydra but do no damage.
The seven-headed hydra is lightly wounded.
The seven-headed hydra barely misses you.
The seven-headed hydra bites you. The seven-headed hydra bites you!
The seven-headed hydra closely misses you.
The seven-headed hydra bites you but does no damage.
The seven-headed hydra bites you! x2
You bite the seven-headed hydra!
The seven-headed hydra is moderately wounded.
The seven-headed hydra bites you but does no damage.
The seven-headed hydra closely misses you.
The seven-headed hydra bites you! x3
The seven-headed hydra barely misses you.
The seven-headed hydra bites you!
You nip at the seven-headed hydra but do no damage.
The seven-headed hydra is moderately wounded.
The seven-headed hydra bites you!
* * * LOW HITPOINT WARNING * * *
The seven-headed hydra bites you!
* * * LOW HITPOINT WARNING * * *
The seven-headed hydra bites you!
* * * LOW HITPOINT WARNING * * *
The seven-headed hydra bites you!
* * * LOW HITPOINT WARNING * * *
The seven-headed hydra bites you.
* * * LOW HITPOINT WARNING * * *
The seven-headed hydra bites you!
You die...

..P........................##....
##..........................#.##.
#.......P......................##
#...#..................(..###...#
##..#....................#...#.##
....##.....#........P......<....#
.....>.............#.....#...#...
..........................#..##.(
................D.............#..
................D.........#...#..
..........................#....#.
######.....................#...#.
≈≈≈≈≈####..................#....#
#≈≈≈#≈≈≈#.#.........[.......##...
#≈≈≈#≈≈≈#.##..........#......#...
#####≈≈≈#..............#.....#...
#≈≈≈'####....##.........#......8.


You could see a seven-headed hydra.

Vanquished Creatures
  A hydra (Lair:3)
  Harold (D:10)
  Erica (D:10)
  The ghost of WasteTime5 the Thaumaturge, a journeyman DjFE of Nemelex Xobeh (Lair:2)
  A two-headed ogre (D:8)
  3 death yaks (D:11)
  A lindwurm (Lair:2)
  2 cyclopes (D:11)
  A black mamba (Lair:1)
  A merfolk siren (Lair:3)
  11 cane toads
  Psyche (D:11)
  A rime drake (Lair:1)
  9 komodo dragons
  An unseen horror (D:11)
  2 trolls
  6 blink frogs
  Sigmund (D:5)
  3 wyverns
  A spriggan (D:8)
  40 yaks
  A wraith (D:11)
  A steam dragon (D:6)
  3 basilisks
  3 nagas (Lair:2)
  2 acid dragons
  8 water moccasins
  3 orc warriors
  3 black bears
  A sky beast (D:7)
  4 ogres
  8 wolves (Lair:1)
  8 centaurs
  6 kobold brigands (D:10)
  5 bullfrogs
  3 gnoll sergeants
  A wyvern zombie (D:8)
  2 water moccasin zombies (D:5)
  2 scorpions
  4 killer bees
  5 wights (D:9)
  2 centaur zombies
  A jelly (D:5)
  2 orc priests
  4 hounds
  2 gnoll shamans (D:4)
  A centaur skeleton (D:6)
  2 scorpion zombies (D:5)
  4 iguanas
  3 orc wizards
  A killer bee zombie (D:9)
  A hound skeleton (D:4)
  6 adders
  27 gnolls
  A howler monkey skeleton (D:7)
  An adder zombie (D:5)
  3 worms
  3 dart slugs
  23 orcs
  6 endoplasms
  4 giant cockroaches
  7 goblins
  6 hobgoblins
  2 jackals (D:3)
  9 kobolds
  4 quokkas
  9 ball pythons
  6 bats
  3 frilled lizards
  2 rats (D:3)
307 creatures vanquished.

Vanquished Creatures (others)
  An orc wizard (D:8)
  8 fungi (Lair:2)
  20 plants
  4 toadstools (D:1)
33 creatures vanquished.

Grand Total: 340 creatures vanquished

Notes
Turn   | Place    | Note
-------+----------+-------------------------------------------
     0 | D:1      | polve the Draconian Transmuter began the quest for the Orb.
     0 | D:1      | Reached XP level 1. HP: 16/16 MP: 3/3
   428 | D:1      | Reached XP level 2. HP: 22/23 MP: 3/5
   611 | D:1      | Reached skill level 3 in Transmutations
   938 | D:2      | Reached XP level 3. HP: 27/28 MP: 3/6
  1082 | D:2      | Found a bloodstained altar of Trog.
  1196 | D:2      | Reached skill level 4 in Transmutations
  1576 | D:2      | Reached XP level 4. HP: 7/35 MP: 5/7
  2579 | D:3      | Reached skill level 5 in Transmutations
  2791 | D:4      | Reached XP level 5. HP: 37/40 MP: 6/8
  2980 | D:4      | Learned a level 2 spell: Wereblood
  3708 | D:4      | Found a stormy altar of Qazlal.
  3718 | D:4      | Found Qeulin Ricvu's Armour Boutique.
  3889 | D:4      | Learned a level 1 spell: Apportation
  4052 | D:4      | Reached XP level 6. HP: 43/48 MP: 7/9
  4913 | D:4      | Found a sparkling altar of Nemelex Xobeh.
  4978 | D:4      | Found an opulent altar of Gozag.
  5477 | D:4      | Found a staircase to the Ecumenical Temple.
  5688 | Temple   | Entered the Ecumenical Temple
  6119 | D:5      | Entered Level 5 of the Dungeon
  6223 | D:5      | Found an ornate altar of the Wu Jian Council.
  6238 | D:5      | Reached skill level 5 in Unarmed Combat
  6459 | D:5      | Your scales start taking on a golden yellow colour.
  6459 | D:5      | Reached XP level 7. HP: 49/57 MP: 10/10
  6459 | D:5      | Gained mutation: You are resistant to acid. (rCorr) [Yellow
                  | Draconian growth]
  6600 | D:5      | Noticed Sigmund
  6849 | D:4      | Learned a level 3 spell: Spider Form
  7683 | D:5      | Killed Sigmund
  7684 | D:5      | Reached XP level 8. HP: 64/67 MP: 11/11
  7995 | D:6      | Reached skill level 5 in Fighting
  8731 | D:6      | You fall into a shaft and drop 3 floors!
  8763 | D:8      | Noticed a two-headed ogre
  8897 | D:8      | Gained mutation: You are strong-willed. (Will+) [potion of
                  | mutation]
  8897 | D:8      | Gained mutation: Your flesh is heat resistant. (rF+)
                  | [potion of mutation]
  8897 | D:8      | Gained mutation: Your tail ends in a poisonous barb.
                  | [potion of mutation]
  9551 | D:6      | Found Duiroz's Serpentskin Sales.
  9573 | D:6      | Reached XP level 9. HP: 30/78 MP: 10/12
  9889 | D:7      | Found a burning altar of Makhleb.
  9960 | D:7      | Found a white marble altar of Elyvilon.
  9960 | D:7      | Found a snail-covered altar of Cheibriados.
 10290 | D:8      | Killed a two-headed ogre
 10291 | D:8      | Reached skill level 10 in Unarmed Combat
 10303 | D:7      | Identified 4 scrolls of acquirement
 10303 | D:7      | Acquired a +1 hat of see invisible
 10304 | D:7      | HP: 4/81 [wyvern (7)]
 10386 | D:7      | Acquired a +1 pair of gloves of stealth
 10387 | D:7      | Acquired 891 gold pieces
 10388 | D:7      | Acquired a scarf of resistance
 10550 | D:8      | Reached skill level 1 in Stealth
 11001 | D:9      | Reached skill level 1 in Translocations
 11030 | D:9      | Reached XP level 10. HP: 69/86 MP: 13/13
 11273 | D:9      | Reached skill level 6 in Transmutations
 11279 | D:9      | Learned a level 5 spell: Hydra Form
 11422 | D:9      | Found a shimmering blue altar of Sif Muna.
 11426 | D:9      | Found a shimmering altar of Xom.
 11427 | D:9      | Found a shadowy altar of Dithmenos.
 11681 | D:10     | Entered Level 10 of the Dungeon
 11709 | D:10     | Noticed Harold
 11723 | D:10     | Killed Harold
 11724 | D:10     | Reached skill level 7 in Transmutations
 11821 | D:10     | Found a staircase to the Orcish Mines.
 11821 | D:10     | Noticed Erica
 12118 | D:10     | Reached skill level 8 in Transmutations
 12181 | D:10     | Killed Erica
 12182 | D:10     | Reached skill level 9 in Transmutations
 12524 | D:10     | Reached skill level 10 in Transmutations
 12574 | D:10     | Found Cofuff's Magic Scroll Boutique.
 12574 | D:10     | Found Hygethrak's General Store.
 12720 | D:10     | Found Ziwak's Assorted Antiques.
 12775 | D:10     | Found Mofih's Distillery.
 12818 | D:10     | Found Simif's Antique Weapon Shop.
 13111 | D:11     | Reached XP level 11. HP: 50/94 MP: 12/14
 13526 | D:11     | Noticed a death yak
 13705 | D:11     | Noticed a sea snake
 13743 | D:11     | Noticed a death yak
 13858 | D:11     | Killed a death yak
 13859 | D:11     | Reached skill level 5 in Dodging
 14028 | D:11     | Noticed a death yak
 14238 | D:11     | Killed a death yak
 14304 | D:11     | Killed a death yak
 14323 | D:11     | Found a staircase to the Lair.
 14487 | D:11     | Noticed Psyche
 14498 | D:11     | Killed Psyche
 14534 | D:11     | Identified the +1 chain mail of Guesenlo {Str-3 Dex+8
                  | Stlth+}
 14537 | Lair:1   | Entered Level 1 of the Lair of Beasts
 14760 | Lair:1   | Reached skill level 11 in Transmutations
 15438 | Lair:1   | Reached skill level 12 in Transmutations
 15445 | Lair:1   | Reached XP level 12. HP: 101/101 MP: 8/15
 15991 | Lair:2   | Reached skill level 13 in Transmutations
 16342 | Lair:2   | Found a runed translucent gate.
 16342 | Lair:2   | Found a runed translucent gate.
 16345 | Lair:2   | Found a runed translucent gate.
 16347 | Lair:2   | Noticed WasteTime5's ghost (journeyman DjFE)
 16425 | Lair:2   | Killed WasteTime5's ghost
 16705 | Lair:2   | Reached skill level 14 in Transmutations
 16841 | Lair:2   | Found a staircase to the Snake Pit.
 17701 | Lair:3   | Noticed an eight-headed hydra
 17727 | Lair:3   | Found a staircase to the Shoals.
 17807 | Lair:3   | Reached skill level 15 in Transmutations
 17825 | Lair:3   | Noticed a seven-headed hydra
 17873 | Lair:3   | Found a snail-covered altar of Cheibriados.
 18199 | Lair:3   | Noticed a five-headed hydra
 18206 | Lair:3   | Reached XP level 13. HP: 90/107 MP: 9/16
 18348 | Lair:3   | HP: 6/139 [seven-headed hydra (9)]
 18348 | Lair:3   | HP: 2/139 [seven-headed hydra (4)]
 18348 | Lair:3   | Mangled by a seven-headed hydra

Illustrated notes

Levels and vault maps discovered:
D:1:      ldierk_water_garden, layout_loops_ring
D:2:      layout_basic, bloody_trog
D:3:      layout_basic
D:4:      layout_loops_corners, lemuel_doored_altar,
          nemelex_xobeh_ov_fountains_minmay, kennysheep_mini_moat,
          minmay_temple_entry_fiery, serial_shops, shop, grunt_ministairs_11,
          lightli_minifort
D:5:      layout_rooms, serial_bayou, serial_bayou_pond_d,
          serial_bayou_lagoon_b, serial_bayou_ford_a, serial_bayou_pond_a,
          basic_altar, uniq_sigmund
D:6:      layout_cave_pools, serial_park, serial_park_tiny_pond,
          serial_park_gazebo [serial_park_minivault_5x5_8], serial_park_square1
          [serial_park_minivault_5x5_1], guppyfry_shop_venom
D:7:      layout_loops_ring, lemuel_round_altar,
          chequers_temple_overflow_statue_of_worship, chequers_hall_statues_y
D:8:      layout_rooms, the_bakery
D:9:      layout_gridville, minitemple, minmay_misc_feat_roman
D:10:     layout_loops_cross, kennysheep_orc_monster_closet_entryway,
          serial_shops, nicolae_shop_waterfront, shop,
          nicolae_shop_competitors_out_of_business, shop, shop_statue,
          uniq_erica, uniq_harold
D:11:     layout_loops_ring, dpeg_lair_monsters, serial_aquarium,
          aquarium_bridge_square [aquarium_subvault_bridge,
          aquarium_subvault_bridge, aquarium_subvault_bridge,
          aquarium_subvault_wall], aquarium_bridge_straight
          [aquarium_subvault_bridge, aquarium_subvault_balcony,
          aquarium_subvault_bridge, aquarium_subvault_balcony],
          aquarium_window_2, aquarium_window_2, aquarium_window_1,
          aquarium_view_2b, aquarium_balcony_double_1, uniq_psyche
Temple:   minmay_temple_forest_path
Lair:1:   layout_cave_pods, beast_lair_carwin_11
Lair:2:   nzn_winding_woodlands_medium [nzn_winding_woodlands_hourglass,
          nzn_winding_woodlands_5x15_sidewinder,
          nzn_winding_woodlands_5x5_perimeter,
          nzn_winding_woodlands_5x5_checkerboard,
          nzn_winding_woodlands_center_lodge,
          nzn_winding_woodlands_5x5_closed_star,
          nzn_winding_woodlands_5x5_cross, nzn_winding_woodlands_5x15_parted,
          nzn_winding_woodlands_5x5_three], layout_chaotic_city,
          minmay_snake_entry_guardpost_small, ebering_ghost_rock_garden,
          chequers_serial_rivers_micro_e, lemuel_fruit_tree
Lair:3:   layout_hall_layers, elwin_shoals_entry_rooms, st_stairs_8,
          lemuel_centaur_altar, grunt_megastairs_4

Skill      XL: |  1  2  3  4  5  6  7  8  9 10 11 12 |
---------------+-------------------------------------+-----
Transmutations | 3 4 5 10 12 15 | 15.5
Fighting       | 2 3 4 6 8 |  8.1
Unarmed Combat | 4 5 7 9 10 | 10.8
Stealth        | 3 |  3.0
Translocations | 1 3 |  3.0
Dodging        | 2 7 |  7.2
Spellcasting   | |  2.0

Action                   |  1- 3 |  4- 6 |  7- 9 | 10-12 | 13-15 || total
-------------------------+-------+-------+-------+-------+-------++-------
Melee: Unarmed           |   104 |   262 |   214 |   502 |    12 ||  1094
       Kick              |    15 |    52 |    32 |    89 |       ||   188
       Headbutt          |    10 |    39 |    29 |    62 |       ||   140
       Tailslap          |    12 |    31 |    27 |    31 |       ||   101
       Punch             |     2 |     2 |     5 |    18 |       ||    27
 Cast: Beastly Appendage |    30 |    42 |    37 |    50 |       ||   159
       Wereblood         |       |       |       |    11 |       ||    11
       Hydra Form        |       |       |       |    19 |     1 ||    20
 Abil: Breathe Acid      |       |       |    43 |    82 |     1 ||   126
       End Transformatio |       |       |       |     2 |       ||     2
  Use: Potion            |       |       |    12 |       |       ||    12
       Scroll            |       |       |     5 |    15 |       ||    20
 Stab: Sleeping          |       |       |       |     1 |       ||     1
Armor: Skin              |    25 |    41 |    71 |   145 |     3 ||   285
Dodge: Dodged            |    71 |   147 |   128 |   258 |     9 ||   613

Table legend: (Time is in decaauts)
 A = Elapsed time spent in this place.
 B = Non-inter-level travel time spent in this place.
 C = Inter-level travel time spent in this place.
 D = Time resting spent in this place.
 E = Time spent auto-exploring this place.
 F = Levels seen in this place.
 G = Mean time per level.
                   A        B        C        D        E       F      G
               +--------+--------+--------+--------+--------+-----+--------+
         Total |  18263 |  17437 |    826 |    200 |  13555 |  15 | 1217.5 |
       Dungeon |  14125 |  13478 |    647 |    156 |  10363 |  11 | 1284.1 |
        Temple |    398 |    339 |     59 |      0 |    339 |   1 |  398.0 |
          Lair |   3739 |   3620 |    119 |     44 |   2853 |   3 | 1246.3 |
               +--------+--------+--------+--------+--------+-----+--------+

Top non-repeatable levels by time:
     D:4: 3203 daAuts
     D:5: 1759 daAuts
  Lair:2: 1659 daAuts
    D:11: 1537 daAuts
  Lair:1: 1344 daAuts
    D:10: 1125 daAuts
     D:9: 1111 daAuts
     D:2: 1051 daAuts
     D:3: 1044 daAuts
     D:7: 916 daAuts
     D:1: 907 daAuts
     D:6: 749 daAuts
  Lair:3: 734 daAuts
     D:8: 719 daAuts
  Temple: 398 daAuts
